 Dungeon Crawl Stone Soup version 0.29.1-15-g9cfb28693d (webtiles) character file.

Game seed: 13463346872647985676

198 Sanktem7 the Trooper (level 5, 0/48 HPs)
             Began as a Minotaur Fighter on Mar 9, 2023.
             Slain by a lemure (5 damage)
             ... led by Pikel
             ... on level 4 of the Dungeon.
             The game lasted 00:03:30 (2456 turns).

Sanktem7 the Trooper (Minotaur Fighter)             Turns: 2456, Time: 00:03:30

Health: 0/48       AC:  8    Str: 22    XL:     5   Next: 47%
Magic:  4/4        EV:  9    Int:  5    God:
Gold:   196        SH:  9    Dex: 10    Spells: 4/4 levels left

rFire   . . .      SeeInvis .   a - +0 war axe {axe}
rCold   . . .      Faith    .   c - +0 buckler
rNeg    . . .      Spirit   .   b - +0 scale mail
rPois   .          Reflect  +   (helmet restricted)
rElec   .          Harm     .   (no cloak)
rCorr   .          Rampage  .   (no gloves)
Will    .....                   m - +0 pair of boots
Stlth   ..........              p - amulet of reflection
HPRegen 0.16/turn               (no ring)
MPRegen 0.09/turn               (no ring)

@: no status effects
A: horns 2, retaliatory headbutt
a: no special abilities


You were on level 4 of the Dungeon.
You visited 1 branch of the dungeon, and saw 4 of its levels.

You collected 196 gold pieces.


Innate Abilities, Weirdness & Mutations

You have a pair of horns on your head.
You reflexively headbutt those who attack you in melee.


   Skills:
 * Level 5.2 Fighting
 * Level 4.3 Axes
 + Level 2.0 Throwing
 + Level 4.4 Armour
 - Level 3.6 Shields


You had 4 spell levels left.
You didn't know any spells.
Your spell library contained the following spells:

 Spells                   Type           Power      Damage    Failure   Level
 Apportation              Tloc           0%         N/A       87%         1
 Magic Dart               Conj           0%         1d3       87%         1
 Slow                     Hex            0%         N/A       87%         1
 Searing Ray              Conj           0%         2d4       95%         2
 Confusing Touch          Hex            0%         N/A       99%         3
 Frozen Ramparts          Ice            0%         1d1       99%         3
 Vampiric Draining        Necr           0%         2d6       99%         3
 Fulminant Prism          Conj/Hex       0%         3d6       100%        4
 Ice Form                 Ice/Tmut       0%         N/A       100%        4
 Summon Ice Beast         Ice/Summ       0%         N/A       100%        4
 Alistair's Intoxication  Tmut/Pois      0%         N/A       100%        5

Inventory:

Hand Weapons
 a - a +0 war axe (weapon) {axe}
Missiles
 l - 34 stones (quivered) {throwing}
Armour
 b - a +0 scale mail (worn)
 c - a +0 buckler (worn)
 m - a +0 pair of boots (worn)
   (You found it on level 1 of the Dungeon)
Jewellery
 p - an amulet of reflection (around neck)
   (You found it on level 2 of the Dungeon)
Wands
 s - a wand of digging (7)
   (You found it on level 2 of the Dungeon)
Scrolls
 e - a scroll of amnesia {unknown}
 f - 3 scrolls of butterflies
 i - a scroll of teleportation {unknown}
 k - a scroll of immolation {!r!r}
 n - a scroll of blinking {unknown}
 o - a scroll of vulnerability {unknown}
 q - 3 scrolls of enchant armour {unknown}
Potions
 d - a potion of might
 g - a potion of flight {unknown}
 h - 2 potions of attraction {!q}
 j - a potion of curing {unknown}
 r - 2 potions of cancellation
 t - a potion of heal wounds {unknown}
 w - a potion of brilliance {unknown}

Dungeon Overview and Level Annotations

Branches:
Dungeon (4/15) Zot: 21493
 Temple: D:4-7

Altars:

Annotations:
D:4 Pikel

#.......###.#
..#####.....# #.# #.#####
#.# #.########### #.#
#.........#.# #.#
#.........#.# #.#
##..........# .
#.######........#5###....
.......#........@K5.....$
.......#........#5....)##
.......####.#########..#
.......# #.######## ..#
.......# #............
..##.### ##...........
#....#### #.....##....
#.......## #..........
.........# #.........


You could see Pikel and 3 lemures.


Message History

You see here a +0 short sword {short}.
Found a stone staircase leading down.
You now have 169 gold pieces (gained 5).
You now have 179 gold pieces (gained 10).
You now have 183 gold pieces (gained 4).
You now have 196 gold pieces (gained 13).
l - 34 stones {throwing} (gained 3)
i - a scroll labelled LIXOUD WANWIN
Found a stone staircase leading up.
A ball python comes into view.
The ball python hisses angrily.
A ball python is nearby!
You barely miss the ball python. The ball python barely misses you.
You block the ball python's attack.
You hit the ball python. You headbutt the ball python.
You kill the ball python!
No target in view!
No target in view!
No target in view!
Key pressed, stopping explore.
You see here a ball python corpse.
A jackal comes into view.
The jackal barks!
You hear a shout!
A jackal comes into view.
The jackal barks!
You hear a shout! x2
A jelly comes into view.
A jackal comes into view.
You block the jackal's attack.
You hit the jackal. You headbutt the jackal.
You kill the jackal!
Pikel, Merchant of Souls comes into view.
He is wielding a +2 whip of freezing.
You block the jackal's attack.
Your Throwing skill increases to level 2!
Pikel shouts!
A jackal comes into view.
You closely miss the jackal.
The jackal bites you but does no damage. x2
The jackal stops to sniff the ground.
You closely miss the jackal. You completely miss the jelly.
You block the jackal's attack. The jelly barely misses you.
A lemure comes into view.
The jackal closely misses you. You furiously retaliate!
You headbutt the jackal.
The lemure shouts!
You slash the jackal!
You kill the jackal!
You hit the jelly.
Your hands burn!
You completely miss the jackal. You block the jackal's attack.
The jelly hits you.
You are splashed with acid!
A lemure comes into view. x2
The jackal bites you but does no damage.
Pikel says, "You'll make a fine lemure."
Pikel hits you with a +2 whip of freezing.
Pikel freezes you.
* * * LOW HITPOINT WARNING * * *
The jelly hits you but does no damage. 😨 HP[-25]
You take 25 damage, and now have 23/48 hp.
MASSIVE DAMAGE!! (PAUSE)
You closely miss Pikel.
The lemure shouts!
You headbutt Pikel, but do no damage. You barely miss the jelly.
You barely miss the jackal. The jackal bites you.
* * * LOW HITPOINT WARNING * * *
The jackal bites you but does no damage.
You block Pikel's attack. You block the jelly's attack. 😨 HP[-3]
You take 3 damage, and now have 20/48 hp.
You hit Pikel but do no damage. You completely miss the jackal.
You slash the jelly!
You kill the jelly!
The jackal closely misses you.
Pikel says, "You'll rust in Dis!"
Pikel hits you with a +2 whip of freezing!
* * * LOW HITPOINT WARNING * * *
Pikel freezes you.
* * * LOW HITPOINT WARNING * * *
You block the jackal's attack. x2 😱 HP[-13]
You take 13 damage, and now have 7/48 hp.
MASSIVE DAMAGE!! (PAUSE)
You miss Pikel. You slash the jackal!
You kill the jackal!
You barely miss the jackal.
The jackal bites you but does no damage.
Pikel barely misses you. You furiously retaliate!
You headbutt Pikel, but do no damage.
The jackal bites you but does no damage.
You block the lemure's attack.
Pikel says, "Asmodeus and me are pals.
He gave me this whip."
Pikel hits you with a +2 whip of freezing.
* * * LOW HITPOINT WARNING * * *
Pikel freezes you.
* * * LOW HITPOINT WARNING * * *
😱 HP[-2]
You take 2 damage, and now have 5/48 hp.
You hit Pikel but do no damage. You closely miss the lemure.
You hit the jackal.
You kill the jackal!
You block Pikel's attack. The lemure hits you.
You die...

Skill      XL: |  1  2  3  4  5 |
---------------+----------------+-----
Fighting       | 4 5 |  5.2
Axes           | 3 4 |  4.3
Throwing       | 1 2 |  2.0
Armour         | 4 |  4.4
Shields        | |  3.6

Action                   |  1- 3 |  4- 6 || total
-------------------------+-------+-------++-------
Melee: War axe           |    61 |    76 ||   137
       Headbutt          |     8 |    15 ||    23
  Use: Scroll            |       |     4 ||     4
Armor: Scale mail        |    24 |    29 ||    53
Dodge: Dodged            |    18 |    27 ||    45
Block: Buckler           |    22 |    47 ||    69
       Reflection        |     1 |       ||     1

Levels and vault maps discovered:
D:1:      lightli_arrival_noodles, layout_basic
D:2:      layout_rooms, guppyfry_early_lair_pool
D:3:      layout_basic
D:4:      layout_basic, minmay_misc_feat_encased, uniq_pikel

Notes
Turn   | Place    | Note
-------+----------+-------------------------------------------
     0 | D:1      | Sanktem7 the Minotaur Fighter began the quest for the Orb.
     0 | D:1      | Reached XP level 1. HP: 19/19 MP: 0/0
     0 | D:1      | magus.rc [v1.9.6]
   179 | D:1      | Reached XP level 2. HP: 25/27 MP: 1/1
   209 | D:1      | You pick up a book of Party Tricks and begin reading...
   209 | D:1      | You add the spells Apportation and Alistair's Intoxication
                  | to your library.
   231 | D:1      | You pick up a book of Rime and begin reading...
   231 | D:1      | You add the spells Frozen Ramparts, Ice Form and Summon Ice
                  | Beast to your library.
   466 | D:1      | Reached skill level 4 in Fighting
   808 | D:2      | Reached skill level 3 in Axes
   810 | D:2      | Reached XP level 3. HP: 31/33 MP: 2/2
   824 | D:2      | Reached skill level 1 in Throwing
   824 | D:2      | Identified the +4 barding of Mental Paralysis {rC+}
   937 | D:2      | You pick up a book of Conjurations {@e2} and begin
                  | reading...
   937 | D:2      | You add the spells Magic Dart, Searing Ray and Fulminant
                  | Prism to your library.
  1032 | D:2      | Reached skill level 4 in Armour
  1425 | D:3      | Reached XP level 4. HP: 41/41 MP: 3/3
  1496 | D:3      | You pick up a book of Debilitation and begin reading...
  1496 | D:3      | You add the spells Slow, Vampiric Draining and Confusing
                  | Touch to your library.
  1876 | D:3      | Reached skill level 4 in Axes
  2114 | D:4      | Reached skill level 5 in Fighting
  2114 | D:4      | Reached XP level 5. HP: 35/48 MP: 4/4
  2448 | D:4      | Noticed Pikel
  2449 | D:4      | Reached skill level 2 in Throwing
  2451 | D:4      | Noticed a lemure
  2452 | D:4      | Noticed a lemure
  2452 | D:4      | Noticed a lemure
  2454 | D:4      | HP: 11/48 [Pikel/+2 whip of freezing (9)]
  2455 | D:4      | HP: 5/48 [Pikel/+2 whip of freezing (1)]
  2456 | D:4      | Slain by a lemure

Vanquished Creatures
  A hound (D:4)
  A jelly (D:4)
  7 adders
  A worm (D:3)
  2 dart slugs
  2 orcs (D:3)
  4 ball pythons
  3 endoplasms
  2 giant cockroaches (D:2)
  6 goblins
  3 hobgoblins
  11 jackals
  10 kobolds
  5 quokkas
  3 bats
  A frilled lizard (D:3)
  7 rats
69 creatures vanquished.

Table legend:
 A = Non-vault XP
 B = Vault XP
 C = Vault XP percentage of total XP
 D = Non-vault monster count
 E = Vault monster count
 F = Vault count percentage of total count
                 A         B        C        D         E       F
            +---------+---------+-------+---------+---------+-------
      Total |     285 |       0 |   0.0 |      69 |       0 |   0.0
            +---------+---------+-------+---------+---------+-------
        D:1 |      22 |       0 |   0.0 |      12 |       0 |   0.0
        D:2 |      70 |       0 |   0.0 |      21 |       0 |   0.0
        D:3 |      93 |       0 |   0.0 |      23 |       0 |   0.0
        D:4 |     100 |       0 |   0.0 |      13 |       0 |   0.0
            +---------+---------+-------+---------+---------+-------

Illustrated notes

Table legend:
 A = Kills in this place as a percentage of kills in entire the game.
 B = Kills by you in this place as a percentage of kills by you in the entire game.
 C = Kills by friends in this place as a percentage of kills by friends in the entire game.
 D = Other kills in this place as a percentage of other kills in the entire game.
 E = Experience gained in this place as a percentage of experience gained in the entire game.
 F = Experience gained in this place divided by the number of levels of this place that you have seen.
                   A       B       C       D       E      F
               +-------+-------+-------+-------+-------+----------------------
         Total | 100.0 | 100.0 |   N/A |   N/A | 100.0 |  71.2
       Dungeon | 100.0 | 100.0 |   N/A |   N/A | 100.0 |  71.2
               +-------+-------+-------+-------+-------+----------------------

Table legend: (Time is in decaauts)
 A = Elapsed time spent in this place.
 B = Non-inter-level travel time spent in this place.
 C = Inter-level travel time spent in this place.
 D = Time resting spent in this place.
 E = Time spent auto-exploring this place.
 F = Levels seen in this place.
 G = Mean time per level.
                   A        B        C        D        E       F      G
               +--------+--------+--------+--------+--------+-----+--------+
         Total |   2505 |   2410 |     95 |      0 |   2008 |   4 |  626.2 |
       Dungeon |   2505 |   2410 |     95 |      0 |   2008 |   4 |  626.2 |
               +--------+--------+--------+--------+--------+-----+--------+

Top non-repeatable levels by time:
     D:1: 808 daAuts
     D:3: 751 daAuts
     D:2: 563 daAuts
     D:4: 382 daAuts
